AoeStats
← Saryle

Arabia

510563850Analyzed
1v1 RM · 13h ago on Oct 1, 2026· 20m 43s· 2 players
Game mode
Random Map
Map size
Tiny (2 player)
Population
200
Speed
Normal
Resources
Standard
Victory
Conquest
Starting age
Dark Age
Ending age
Imperial Age
RankedLock teamsTeams togetherTeam positionsShared explorationLock speedFull tech treeHidden civsTurbo modeCheats
Victory
Defeat
🇨🇱 Huns · Chile
845
+16
🇫🇷 Magyars · France
836
-16
Saryle
12:36 Feudal Age
13:00 Man-at-Arms
LA PRESION II
0:33 Loom
10:28 Feudal Age
11:36 Man-at-Arms
12:58 Double-Bit Axe
14:19 Padded Archer Armor
15:15 Fletching
21:33 Wheelbarrow
Connection lost

Rejoining the realm…

Still unreachable

The connection could not be restored.

Session expired

The server has moved on; the page needs a fresh start.